 Dungeon Crawl Stone Soup version 0.18-a0-1078-gebb93d0 (webtiles) character file.

1288 gorblad the Protected (level 8, 0/51 HPs)
             Began as a Tengu Gladiator on Jan 14, 2016.
             Was a Follower of Dithmenos.
             Slain by a killer bee (4 damage)
             ... on level 7 of the Dungeon.
             The game lasted 00:12:23 (5674 turns).

gorblad the Protected (Tengu Gladiator)             Turns: 5674, Time: 00:12:23

Health: 0/51       AC: 11    Str: 23    XL:     8   Next: 55%
Magic:  9/9        EV: 12    Int:  9    God:    Dithmenos [*.....]
Gold:   90         SH:  0    Dex: 14    Spells: 0 memorised, 7 levels left

rFire  . . .     SeeInvis .     a - +4 rapier
rCold  . . .     Gourm    .     e - +3 ring mail
rNeg   . . .     Faith    .     (no shield)
rPois  +         Spirit   .     c - +0 hat
rElec  .         Dismiss  .     x - +0 cloak
rCorr  +         Reflect  .     (no gloves)
SustAt .         Harm     .     (boots unavailable)
MR     .....                    (no amulet)
Stlth  ++........               y - ring of resist corrosion
                                n - ring of poison resistance

@: mighty, wreathed by umbra, not resistant to hostile enchantments, unstealthy
A: beak, talons 3, able to fly 1
a: Fly, Renounce Religion


You were on level 7 of the Dungeon.
You worshipped Dithmenos.
Dithmenos was aware of your devotion.
You were hungry.

You visited 1 branch of the dungeon, and saw 7 of its levels.

You collected 424 gold pieces.
You spent 334 gold pieces at shops.

Inventory:

Hand Weapons
 a - a +4 rapier (weapon)
Missiles
 d - 3 throwing nets (quivered)
Armour
 c - a +0 hat (worn)
 e - a +3 ring mail (worn)
 x - a +0 cloak (worn)
Jewellery
 n - a ring of poison resistance (left hand)
 y - a ring of resist corrosion (right hand)
 E - a +5 ring of slaying {unknown}
Wands
 A - a wand of cold (14/15)
Scrolls
 g - 4 scrolls of remove curse
 p - 2 scrolls of blinking {unknown}
 r - 3 scrolls of teleportation
 w - a scroll of noise {unknown}
 C - a scroll of immolation {unknown}
 D - 2 scrolls of identify
 F - a scroll of magic mapping
 G - a scroll of amnesia
Potions
 b - a potion of cure mutation {unknown}
 h - a potion of heal wounds {unknown}
 j - a potion of flight {unknown}
 k - a potion of poison {unknown}
 l - 2 potions of cancellation
 m - a potion of might
 o - a potion of berserk rage {unknown}
 s - 2 potions of brilliance {unknown}
 v - a potion of magic {unknown}
Books
 B - a book of Minor Magic

   Spells                             Type                      Level
   a - Magic Dart                     Conjuration                  1
   b - Blink                          Translocation                2
   c - Call Imp                       Summoning                    2
   d - Repel Missiles                 Charms/Air                   2
   e - Slow                           Hexes                        2
   f - Conjure Flame                  Conjuration/Fire             3
   g - Mephitic Cloud                 Conjuration/Poison/Air       3
Comestibles
 f - 4 bread rations
 q - a beef jerky
 t - a slice of pizza
 u - a royal jelly
 z - 3 meat rations
 H - 6 chunks of flesh


   Skills:
 - Level 6.2 Fighting
 - Level 3.2 Short Blades
 - Level 2.0 Throwing
 + Level 8.2 Armour
 - Level 3.2 Dodging
 - Level 3.0 Stealth


You had 7 spell levels left.
You didn't know any spells.

Dungeon Overview and Level Annotations

Branches:
Dungeon (7/15)             Temple (0/1) D:6

Altars:
Cheibriados
Dithmenos
Fedhas
Makhleb
Nemelex Xobeh
Okawaru
Pakellas
Qazlal

Shops:
D:4 %   D:5 :!(   D:6 *


Innate Abilities, Weirdness & Mutations

You have a beak for a mouth.
You have claws for feet.
You can fly.


Message History

You kill the killer bee!
Dithmenos accepts your kill.
Your Armour skill increases to level 8!
The killer bee closely misses you.
You completely miss the killer bee. You claw the killer bee!
The killer bee is severely wounded.
The killer bee stings you but does no damage. x2
You miss the killer bee. Your kick misses the killer bee.
The killer bee is severely wounded.
The killer bee closely misses you.
The killer bee stings you but does no damage.
You hit the killer bee. You claw the killer bee.
You kill the killer bee!
Dithmenos accepts your kill. The killer bee stings you.
* * * LOW HITPOINT WARNING * * *
You barely miss the killer bee. You peck the killer bee.
The killer bee is lightly wounded.
The killer bee barely misses you. The killer bee stings you.
You die...

#........
#........).
##..........
...........
###..........
.y..........
#######.y........
#....@yy.........
#.#####y.........
#...#..........
#.#<#..........
#.###..%.......
#..............
#####..........
...........
##..........


You could see 4 killer bees.

Vanquished Creatures
  A black bear (D:6)
  3 ogres (D:6)
  2 phantoms (D:4)
  2 centaurs (D:6)
  4 killer bees (D:7)
  A crimson imp (D:6)
  A centaur zombie (D:6)
  A giant frog zombie (D:6)
  2 hounds
  A gnoll shaman (D:5)
  An orc wizard (D:5)
  3 worker ants
  A mummy (D:6)
  2 gnolls (D:5)
  3 adders
  A shadow imp (D:6)
  4 oozes
  2 worms
  A giant gecko (D:1)
  7 orcs
  3 giant cockroaches
  5 goblins
  8 hobgoblins
  3 jackals (D:3)
  7 kobolds
  3 quokkas
  2 ball pythons
  5 bats
  4 giant newts
  A quokka zombie (D:5)
  9 rats
93 creatures vanquished.

Notes
Turn   | Place    | Note
--------------------------------------------------------------
     0 | D:1      | gorblad the Tengu Gladiator began the quest for the Orb.
     0 | D:1      | Reached XP level 1. HP: 12/12 MP: 2/2
    21 | D:1      | Reached skill level 1 in Stealth
   232 | D:1      | Reached XP level 2. HP: 17/17 MP: 3/3
   755 | D:1      | Reached XP level 3. HP: 19/21 MP: 4/4
  1818 | D:2      | Reached XP level 4. HP: 27/27 MP: 5/5
  2167 | D:3      | Found a shadowy altar of Dithmenos.
  2631 | D:3      | Became a worshipper of Dithmenos the Shadowed
  3291 | D:4      | Reached skill level 4 in Fighting
  3291 | D:4      | Gained mutation: You can fly. [Tengu growth]
  3291 | D:4      | Reached XP level 5. HP: 27/33 MP: 6/6
  3313 | D:4      | Found Eposuhusid's Food Emporium.
  3316 | D:4      | Bought a slice of pizza for 16 gold pieces
  3316 | D:4      | Bought a beef jerky for 16 gold pieces
  3316 | D:4      | Bought a royal jelly for 22 gold pieces
  3539 | D:4      | Noticed a phantom
  3559 | D:4      | Killed a phantom
  3559 | D:4      | Reached skill level 5 in Fighting
  3704 | D:4      | Found an oddly glowing altar of Pakellas.
  3732 | D:4      | Noticed a phantom
  3747 | D:4      | Killed a phantom
  3747 | D:4      | Reached XP level 6. HP: 22/41 MP: 7/7
  3968 | D:5      | Entered Level 5 of the Dungeon
  4015 | D:5      | Found an iron altar of Okawaru.
  4052 | D:5      | Reached skill level 6 in Fighting
  4187 | D:5      | Found Xalydu Yquha's Distillery.
  4246 | D:5      | Found Xauchasa's Book Shop.
  4254 | D:5      | Bought a book of Minor Magic for 280 gold pieces
  4316 | D:5      | Found Esuan's Weapon Shop.
  4364 | D:5      | Reached skill level 1 in Armour
  4370 | D:5      | Found a sparkling altar of Nemelex Xobeh.
  4488 | D:5      | Found a blossoming altar of Fedhas.
  4554 | D:6      | Found a staircase to the Ecumenical Temple.
  4567 | D:6      | Reached XP level 7. HP: 39/46 MP: 8/8
  4599 | D:6      | Found a stormy altar of Qazlal.
  4612 | D:6      | Found a burning altar of Makhleb.
  4727 | D:6      | Found Mahegan's General Store.
  4919 | D:6      | Reached skill level 5 in Armour
  5301 | D:6      | Reached XP level 8. HP: 38/51 MP: 9/9
  5399 | D:6      | Found a snail-covered altar of Cheibriados.
  5466 | D:6      | Reached * piety under Dithmenos
  5466 | D:6      | Reached skill level 7 in Armour
  5670 | D:7      | Reached skill level 8 in Armour
  5674 | D:7      | Slain by a killer bee

Vault maps used:
D:1:      roderic_dead_forest, feat_on_display
D:2:      first_bread
D:3:      grunt_dithmenos_smoke
D:4:      old_standard_altar, serial_shops, kennysheep_mini_moat,
          grunt_ministairs_10
D:5:      lemuel_coloured_pillars_altar, nicolae_overflow_crystal_walls,
          marbit_many_paths, serial_shops, shop, shop,
          nicolae_shop_temple_entry_statues_fountains
D:6:      makhleb_grotto_becter, kennysheep_little_box, slow_altar_2,
          minmay_temple_entry_trees, serial_shops, shop,
          kennysheep_opposing_triangles
D:7:      hangedman_ru_absence, lightli_orcish_oven

Action                   |  1- 3 |  4- 6 |  7- 9 || total
-------------------------+-------+-------+-------++-------
Melee: Rapier            |    81 |   126 |    88 ||   295
  Use: Scroll            |     2 |    14 |       ||    16
       Potion            |       |       |     7 ||     7
 Stab: Distracted        |     1 |       |       ||     1
       Sleeping          |     2 |     3 |       ||     5
  Eat: Chunk             |     3 |     7 |     3 ||    13
       Beef jerky        |       |     1 |       ||     1
